 Seeded DCSS version 0.29-a0-1043-g569b05d6ff (webtiles) character file.

Game seed: 173050984164073074 (custom seed)

460 hikkokomori the Digger (level 7, -8/40 HPs)
             Began as a Gargoyle Earth Elementalist on Aug 16, 2022.
             Was an Initiate of Vehumet.
             Mangled by an ogre
             ... wielding a +0 giant club
              (16 damage)
             ... on level 5 of the Dungeon.
             The game lasted 00:11:34 (3957 turns).

hikkokomori the Digger (GrEE)                       Turns: 3957, Time: 00:11:35

Health: -8/40      AC: 11    Str: 11    XL:     7   Next: 7%
Magic:  12/12      EV: 12    Int: 18    God:    Vehumet [......]
Gold:   1053       SH:  0    Dex: 10    Spells: 8/12 levels left

rFire   . . .      SeeInvis .   f - staff of earth
rCold   . . .      Faith    .   (no shield)
rNeg    + . .      Spirit   .   r - +2 leather armour {rPois}
rPois   ∞          Reflect  .   s - +0 helmet
rElec   +          Harm     .   x - +0 cloak
rCorr   .          Rampage  .   (no gloves)
Will    .....                   (no boots)
Stlth   ++........              (no amulet)
HPRegen 0.13/turn               (no ring)
MPRegen 0.13/turn               (no ring)

@: no status effects
A: sickness immunity, AC +4, negative energy resistance 1, electricity
resistance, torment resistance 1, petrification resistance
a: Renounce Religion


You were on level 5 of the Dungeon.
You worshipped Vehumet.
Vehumet was noncommittal.
You visited 2 branches of the dungeon, and saw 6 of its levels.

You collected 1053 gold pieces.

Inventory:

Hand Weapons
 d - a +0 dagger
 l - a +1 mace
Missiles
 g - 4 javelins
Armour
 a - a +0 robe
 r - a +2 leather armour of poison resistance (worn)
 s - a +0 helmet (worn)
 x - a +0 cloak (worn)
Magical Staves
 f - a staff of earth (weapon)
Wands
 w - a wand of paralysis (10)
Scrolls
 h - 3 scrolls of identify
 m - 2 scrolls of enchant weapon
 o - a scroll of fear
 p - a scroll of immolation {unknown}
 q - a scroll of enchant armour {unknown}
 u - a scroll of butterflies {unknown}
Potions
 b - a potion of magic
 c - a potion of flight
 e - a potion of heal wounds
 i - a potion of mutation
 j - 4 potions of curing
 k - a potion of berserk rage
 n - a potion of haste {unknown}
 t - a potion of invisibility {unknown}


   Skills:
 + Level 2.7 Fighting
 + Level 3.0 Dodging
 + Level 4.2 Stealth
 + Level 3.4 Spellcasting
 + Level 1.3 Conjurations
 - Level 1.2 Transmutations
 + Level 5.1 Earth Magic


You had 8 spell levels left.
You knew the following spells:

 Your Spells              Type           Power      Damage    Failure   Level
a - Sandblast             Erth           64%        2d14      2%          1
b - Stone Arrow           Conj/Erth      44%        3d9       16%         3

Your spell library contained the following spells:

 Spells                   Type           Power      Damage    Failure   Level
 Passwall                 Tmut/Erth      17%        N/A       9%          2
 Petrify                  Tmut/Erth      21%        N/A       50%         4
 Call Canine Familiar     Summ           3%         N/A       52%         3
 Portal Projectile        Hex/Tloc       6%         N/A       52%         3
 Leda's Liquefaction      Hex/Erth       9%         N/A       56%         4


Dungeon Overview and Level Annotations

Branches:
Dungeon (5/15)             Temple (1/1) D:4

Altars:
Ashenzari
Dithmenos
Fedhas
Hepliaklqana
Kikubaaqudgha
Okawaru
Qazlal
Sif Muna
Vehumet
Wu Jian
Xom
Yredelemnul
The Shining One

Shops:
D:3 =


Innate Abilities, Weirdness & Mutations

You are immune to sickness and miasma.
Your stone body is resilient. (AC +4)
You are immune to poison.
You resist negative energy. (rN+)
You are resistant to electric shocks. (rElec)
You are resistant to unholy torment.
You are immune to petrification.


Message History

There are no items here.
You start putting on your armour.
You continue putting on your +0 cloak. x4
You finish putting on your +0 cloak.
Something appears at your feet!
You now have 1053 gold pieces (gained 773).
HP restored.
You open the door.
An ogre comes into view. It is wielding a +0 giant club.
The ogre shouts!
An ogre is nearby!
An ogre is nearby!
An ogre is nearby!
An ogre is nearby!
There is an open door here.
You hit the ogre. You punch the ogre.
The ogre is moderately wounded.
The ogre hits you with a +0 giant club!
You hit the ogre but do no damage.
The ogre is moderately wounded.
The ogre hits you with a +0 giant club!!
Ouch! That really hurt!
* * * LOW HITPOINT WARNING * * *
You are too injured to fight recklessly!
You are too injured to fight recklessly!
You are too injured to fight recklessly!
You are too injured to fight recklessly!
You are too injured to fight recklessly!
You are too injured to fight recklessly!
You closely miss the ogre.
The ogre is moderately wounded.
The ogre closely misses you.
You hit the ogre.
The ogre is heavily wounded.
You completely miss the ogre.
The ogre is heavily wounded.
The ogre misses you.
You hit the ogre. You punch the ogre.
The ogre is heavily wounded.
The ogre hits you with a +0 giant club!
You die...

..################# .
>......†...).....<#
....####...##########
.....###.#.######
................#
#+#######@#####.#
#...O.# ##.....#
##.....# ##....#
#...+ #..# #.#


You could see an ogre.

Vanquished Creatures
  4 scorpions (D:4)
  An iguana (D:5)
  4 gnolls (D:2)
  6 adders
  3 dart slugs
  6 orcs
  12 ball pythons
  2 bat zombies (D:3)
  8 endoplasms
  3 giant cockroaches
  9 hobgoblins
  2 jackals (D:1)
  9 kobolds
  3 quokkas
  7 bats
  3 frilled lizards
  7 goblins
  3 rats
  2 rat zombies (D:3)
94 creatures vanquished.

Vanquished Creatures (collateral kills)
  A quokka (D:2)
1 creature vanquished.

Grand Total: 95 creatures vanquished

Notes
Turn   | Place    | Note
-------+----------+-------------------------------------------
     0 | D:1      | hikkokomori the Gargoyle Earth Elementalist began the quest
                  | for the Orb.
     0 | D:1      | Reached XP level 1. HP: 10/10 MP: 3/3
   247 | D:1      | Reached skill level 1 in Transmutations
   247 | D:1      | Reached XP level 2. HP: 11/15 MP: 3/5
   573 | D:1      | Found a faded altar of an unknown god.
   592 | D:1      | Reached XP level 3. HP: 17/19 MP: 3/6
   651 | D:1      | Reached skill level 4 in Earth Magic
  1315 | D:2      | Reached XP level 4. HP: 20/24 MP: 4/7
  1346 | D:2      | Found a glowing golden altar of the Shining One.
  1440 | D:2      | Reached skill level 1 in Fighting
  1590 | D:1      | Identified a scroll of acquirement
  1590 | D:1      | Acquired a staff of earth
  2108 | D:3      | Reached XP level 5. HP: 29/29 MP: 6/9
  2356 | D:3      | Found an ancient bone altar of Kikubaaqudgha.
  2573 | D:3      | Found Gotra's Jewellery Shop.
  3305 | D:4      | Reached XP level 6. HP: 32/35 MP: 2/10
  3309 | D:4      | Learned a level 3 spell: Stone Arrow
  3367 | D:4      | Found a staircase to the Ecumenical Temple.
  3373 | Temple   | Entered the Ecumenical Temple
  3382 | Temple   | Became a worshipper of Vehumet
  3488 | D:4      | Reached skill level 1 in Conjurations
  3488 | D:4      | Reached skill level 5 in Earth Magic
  3770 | D:4      | Reached XP level 7. HP: 39/40 MP: 7/12
  3802 | D:5      | Entered Level 5 of the Dungeon
  3808 | D:5      | Identified the +1 long sword of Ashenzari's Regard {elec,
                  | Contam Fly Dex-4 Stlth+}
  3829 | D:5      | Acquired 773 gold pieces
  3957 | D:5      | Mangled by an ogre

Illustrated notes

Levels and vault maps discovered:
D:1:      tarquinn_simple_flora_water_d, layout_loops_ring,
          basic_ecumenical_altar
D:2:      layout_basic, serial_rivers, chequers_serial_rivers_micro_e,
          chequers_serial_rivers_micro_a, chequers_serial_rivers_room_b,
          chequers_serial_rivers_micro_e, chequers_serial_rivers_room_b,
          chequers_serial_rivers_small_3, basic_altar, minmay_tromino_v4_b
D:3:      minmay_chambers_of_twos, layout_rooms,
          lemuel_zombie_altar_kikubaaqudgha, serial_shops, nicolae_shop_trees,
          minmay_misc_feat_four_crosses, kennysheep_flooded_box
D:4:      layout_loops_ring, minitemple, temple_statues,
          serial_co_window_serial, co_window_paths_b, co_window_corner_a,
          co_window_of_opportunity_a, co_window_paths_a, co_window_corner_a,
          co_window_of_opportunity_c, co_window_corner_ca, co_window_broadway_b,
          co_window_4corner_b, co_window_paths_e, glass_columns_a,
          glass_columns_a, uniq_crazy_yiuf_cottage
D:5:      layout_basic, mainiacjoe_overflow_chevrons, serial_undead,
          serial_undead_b, serial_undead_b, serial_undead_d, serial_undead_e,
          serial_undead_c, minmay_quadrilaterals
Temple:   nicolae_temple_ecumenical_triangle

Skill      XL: |  1  2  3  4  5  6  7 |
---------------+----------------------+-----
Transmutations | 1 |  1.2
Earth Magic    | 4 5 |  5.1
Dodging        | 2 3 |  3.0
Fighting       | 1 2 |  2.7
Stealth        | 3 4 |  4.2
Spellcasting   | 3 |  3.4
Conjurations   | 1 |  1.3

Action                   |  1- 3 |  4- 6 |  7- 9 || total
-------------------------+-------+-------+-------++-------
Melee: Unarmed           |     6 |       |       ||     6
       Dagger            |    27 |       |       ||    27
       Mace              |    12 |     9 |       ||    21
       Staff             |       |   124 |    14 ||   138
       Punch             |       |     3 |     2 ||     5
Throw: Javelin           |     4 |       |       ||     4
 Cast: Sandblast         |    32 |    47 |     1 ||    80
  Use: Scroll            |     1 |     9 |     1 ||    11
 Stab: Sleeping          |       |     1 |       ||     1
Armor: Robe              |    27 |    13 |       ||    40
       Leather armour    |       |    61 |     2 ||    63
Dodge: Dodged            |    52 |   131 |     6 ||   189

Table legend: (Time is in decaauts)
 A = Elapsed time spent in this place.
 B = Non-inter-level travel time spent in this place.
 C = Inter-level travel time spent in this place.
 D = Time resting spent in this place.
 E = Time spent auto-exploring this place.
 F = Levels seen in this place.
 G = Mean time per level.
                   A        B        C        D        E       F      G
               +--------+--------+--------+--------+--------+-----+--------+
         Total |   4084 |   3942 |    142 |    368 |   2156 |   6 |  680.7 |
       Dungeon |   4068 |   3934 |    134 |    368 |   2156 |   5 |  813.6 |
        Temple |     16 |      8 |      8 |      0 |      0 |   1 |   16.0 |
               +--------+--------+--------+--------+--------+-----+--------+

Top non-repeatable levels by time:
     D:1: 1218 daAuts
     D:2: 954 daAuts
     D:3: 931 daAuts
     D:4: 805 daAuts
     D:5: 158 daAuts
  Temple: 16 daAuts
